 Dungeon Crawl Stone Soup version 0.31-a0-940-gdaa99269f9 (webtiles) character file.

Game seed: 7694620039886018738

5 sampeng1 the Chopper (level 1, 0/18 HPs)
             Began as a Human Berserker on Oct 21, 2023.
             Was a Follower of Trog.
             Slain by a worm (5 damage)
             ... on level 2 of the Dungeon.
             The game lasted 00:01:12 (118 turns).

sampeng1 the Chopper (Human Berserker)               Turns: 118, Time: 00:01:13

Health: 0/18       AC:  6    Str: 17    XL:     1   Next: 88%
Magic:  1/1        EV: 12    Int:  7    God:    Trog [*.....]
Gold:   24         SH:  0    Dex: 12    Spells: 0/0 levels left

rFire   . . .        a - +0 hand axe
rCold   . . .        (no shield)
rNeg    . . .        b - +0 animal skin
rPois   .            (no helmet)
rElec   .            (no cloak)
rCorr   .            c - +2 pair of gloves
SInv    .            d - +0 pair of boots
Will    .....        (no amulet)
Stlth   +            (no ring)
HPRegen 0.23/turn    (no ring)
MPRegen 0.07/turn

%: no passive effects
@: no status effects
A: no striking features
a: Renounce Religion, Berserk


You were on level 2 of the Dungeon.
You worshipped Trog.
Trog was aware of your devotion.
You visited 1 branch of the dungeon, and saw 2 of its levels.

You collected 24 gold pieces.

Inventory:

Hand Weapons
 a - a +0 hand axe (weapon)
Armour
 b - a +0 animal skin (worn)
 c - a +2 pair of gloves (worn)
 d - a +0 pair of boots (worn)


   Skills:
 + Level 3.1 Fighting
 + Level 3.1 Axes
 + Level 2.1 Armour
 + Level 2.1 Dodging


You couldn't memorise any spells.
You didn't know any spells.
Your spell library was empty.

Dungeon Overview and Level Annotations

Branches:
Dungeon (1/15)

Altars:
Elyvilon


Message History

You barely miss the jackal. The jackal bites you.
You hit the jackal but do no damage. The jackal misses you.
The jackal bites you but does no damage.
You completely miss the jackal.
The jackal bites you but does no damage.
You hit the jackal.
You kill the jackal!
Trog accepts your kill.
The jackal bites you but does no damage.
You hit the jackal.
You kill the jackal!
Trog accepts your kill.
There is an open door, spattered with blood here.
Things that are here:
a jackal corpse; a jackal corpse You now have 24 gold pieces (gained 14).
You see here a +0 short sword.
Found a pair of boots.
A worm comes into view.
Found a scale mail and 21 gold pieces.
You see here a +0 pair of boots.
d - a +0 pair of boots The worm misses you.
You start putting on your armour.
You continue putting on your +0 pair of boots. x2
The worm bites you!
Ouch! That really hurt!
You continue putting on your +0 pair of boots. x2
The worm bites you.
* * * LOW HITPOINT WARNING * * *
You finish putting on your +0 pair of boots.
You slash the worm!
The worm is moderately wounded.
The worm barely misses you.
You hit the worm.
The worm is severely wounded.
You barely miss the worm.
The worm is severely wounded.
The worm bites you.
You die...

##..............#
.# ##.....#.._..#
#.#
##..........###.#
##†##.........##
#.######.#....#
######.#
#.#..#...###
#......# #.##.#
#...# #.###...#
#.##.#[$$#.
#.....# #.##@w.#
##...##
#.####...# .....
..# ##...#
..#.### ### ###
###.# #.#


You could see a worm.

Vanquished Creatures
  4 jackals (D:2)
4 creatures vanquished.

Notes
Turn   | Place    | Note
-------+----------+-------------------------------------------
     0 | D:1      | sampeng1 the Human Berserker began the quest for the Orb.
     0 | D:1      | Reached XP level 1. HP: 18/18 MP: 1/1
    61 | D:1      | You fall into a shaft and drop 1 floor!
    65 | D:2      | Found a white marble altar of Elyvilon.
   118 | D:2      | Slain by a worm

Illustrated notes

Levels and vault maps discovered:
D:1:      dpeg_arrival_rhombi, layout_loops_ring
D:2:      layout_loops_corners, basic_altar, minmay_pentomino_t2

Action                     || total
---------------------------++-------
  Melee: Hand axe          ||    19
 Armour: Animal skin       ||    16
  Dodge: Dodged            ||    14

Table legend: (Time is in decaauts)
 A = Elapsed time spent in this place.
 B = Non-inter-level travel time spent in this place.
 C = Inter-level travel time spent in this place.
 D = Time resting spent in this place.
 E = Time spent auto-exploring this place.
 F = Levels seen in this place.
 G = Mean time per level.
                   A        B        C        D        E       F      G
               +--------+--------+--------+--------+--------+-----+--------+
         Total |    120 |    120 |      0 |      0 |     53 |   2 |   60.0 |
       Dungeon |    120 |    120 |      0 |      0 |     53 |   2 |   60.0 |
               +--------+--------+--------+--------+--------+-----+--------+

Top non-repeatable levels by time:
     D:1: 61 daAuts
     D:2: 59 daAuts
